 Dungeon Sprint DCSS version 0.22-a0-77-g0fd0111 (webtiles) character file.

737 schets the Thaumaturge (level 7, -1/36 HPs)
             Began as a Deep Elf Fire Elementalist on Jan 14, 2018.
             Was a High Priest of Sif Muna.
             Slain by a fire bat (6 damage)
             ... in the Dungeon (Sprint VII: "The Pits").
             The game lasted 00:06:20 (1908 turns).

schets the Thaumaturge (Deep Elf Fire Elementalist) Turns: 1908, Time: 00:06:20

Health: -1/36      AC:  2    Str:  5    XL:     7   Next: 46%
Magic:  23/23      EV: 16    Int: 22    God:    Sif Muna [*****.]
Gold:   0          SH:  0    Dex: 15    Spells: 14/27 levels left

rFire    . . .     SeeInvis .   r - +1 dagger (drain)
rCold    . . .     Gourm    .   (no shield)
rNeg     . . .     Faith    .   a - +0 robe
rPois    .         Spirit   .   (no helmet)
rElec    .         Reflect  .   (no cloak)
rCorr    .         Harm     .   (no gloves)
MR       .....     NoTele   +   (no boots)
Stlth    ++++......             (no amulet)
HPRegen  0.12/turn              (no ring)
MPRegen  0.18/turn              (no ring)

@: no status effects
A: no striking features
a: Divine Energy, Channel Magic, Forget Spell, Renounce Religion


You were in the Dungeon.
You worshipped Sif Muna.
Sif Muna was extremely pleased with you.
You were not hungry.

You visited 1 branch

Inventory:

Hand Weapons
 j - a +2 dagger
 r - a +1 dagger of draining (weapon)
Missiles
 p - 15 stones (quivered)
Armour
 a - a +0 robe (worn)
Magical Staves
 q - an uncursed staff of energy
Scrolls
 l - 3 scrolls of remove curse
 m - 5 scrolls of amnesia
 n - a scroll of summoning
 o - 2 scrolls of vulnerability
Potions
 d - 7 potions of curing
 e - 7 potions of heal wounds
 f - a potion of haste
 g - 4 potions of magic
 h - 3 potions of berserk rage
 k - 2 potions of invisibility
Books
 b - a book of Flames

   Spells                             Type                      Level
   a - Flame Tongue                   Conjuration/Fire             1
   b - Throw Flame                    Conjuration/Fire             2
   c - Conjure Flame                  Conjuration/Fire             3
   d - Inner Flame                    Hexes/Fire                   3
   e - Sticky Flame                   Conjuration/Fire             4
   f - Fireball                       Conjuration/Fire             5
 i - a book of Burglary

   Spells                             Type                      Level
   a - Swiftness                      Charms/Air                   2
   b - Passwall                       Transmutation/Earth          2
   c - Passage of Golubria            Translocation                4
   d - Lee's Rapid Deconstruction     Earth                        5
   e - Darkness                       Hexes                        6
   f - Invisibility                   Hexes                        6
Comestibles
 c - 8 rations


   Skills:
 - Level 6.0 Dodging
 + Level 7.6 Stealth
 * Level 10.6 Spellcasting
 * Level 8.7 Conjurations
 - Level 5.3 Hexes
 * Level 2.2 Charms
 * Level 9.3 Fire Magic
 - Level 2.9 Invocations


You had 14 spell levels left.
You knew the following spells:

 Your Spells              Type           Power        Failure   Level  Hunger
a - Flame Tongue          Conj/Fire      #####        1%          1    None
b - Conjure Flame         Conj/Fire      ######..     1%          3    None
c - Sticky Flame          Conj/Fire      ######..     1%          4    #......
d - Inner Flame           Hex/Fire       #####...     1%          3    None
e - Swiftness             Chrm/Air       ###.....     5%          2    None


Dungeon Overview and Level Annotations

Branches:
Dungeon (1/1)

Altars:
Ashenzari
Cheibriados
Dithmenos
Elyvilon
Fedhas
Gozag
Hepliaklqana
Kikubaaqudgha
Makhleb
Nemelex Xobeh
Okawaru
Qazlal
Ru
Sif Muna
Trog
Uskayaw
Vehumet
Wu Jian
Xom
Yredelemnul
Zin
The Shining One
Beogh
Jiyva
Lugonu


Message History

Unknown command.
You open the door.
There is an open door here.
You see here a giant spiked club.
There is an open door here.
Things that are here:
a dagger; a falchion; a scale mail You see here a dagger of flaming.
The fire bat misses you.
There is an open door here.
Things that are here:
a dagger; a falchion; a scale mail The fire bat bites you.
You are engulfed in flames.
The fire bat barely misses you.
You see here a giant spiked club.
The fire bat bites you.
You are engulfed in flames.
The fire bat bites you.
You are engulfed in flames!
* * * LOW HITPOINT WARNING * * *
The fire bat bites you.
You die...

##########.##.....
#..........รท'.....
#'#####'#####.....
#.#..#..#..##.....
#.#..'..)..#####'#
#.##)####+###.....
#.#........##.....
#.#........##.....
#@#####'#####...<.
#b#...)).[.##.....
#)#...)))[.##.....
#)###########.....
#).#.#.##F. ######
#.%%....#g#
##.#.#.##K#
#.%..%..#'#
##.#.#.##.+


You could see a fire bat.

Vanquished Creatures
  A flying skull (D)
  A floating eye (D)
  Purgy (D)
  A necrophage (D)
  An ogre (D)
  A big kobold (D)
  A scorpion (D)
  A jelly (D)
  Jessica (D)
  Terence (D)
  An adder (D)
  An adder zombie (D)
  An adder skeleton (D)
  2 leopard geckos (D)
  A goblin (D)
  A hobgoblin (D)
  3 jackals (D)
  A kobold (D)
  A ball python zombie (D)
22 creatures vanquished.

Notes
Turn   | Place    | Note
-------+----------+-------------------------------------------
     0 | D        | schets the Deep Elf Fire Elementalist began the quest for the Orb.
     0 | D        | Reached XP level 1. HP: 10/10 MP: 6/6
    17 | D        | Found a bloodstained altar of Trog.
    17 | D        | Found a deep blue altar of Sif Muna.
    17 | D        | Found a viscous altar of Jiyva.
    17 | D        | Found a hazy altar of Hepliaklqana.
    17 | D        | Found an opulent altar of Gozag.
    18 | D        | Found a glowing golden altar of the Shining One.
    18 | D        | Found a glowing silver altar of Zin.
    18 | D        | Found a basalt altar of Yredelemnul.
    18 | D        | Found a shimmering altar of Xom.
    18 | D        | Found an ornate altar of the Wu Jian Council.
    18 | D        | Found a sacrificial altar of Ru.
    18 | D        | Found a stormy altar of Qazlal.
    18 | D        | Found an iron altar of Okawaru.
    18 | D        | Found a sparkling altar of Nemelex Xobeh.
    18 | D        | Found a burning altar of Makhleb.
    18 | D        | Found a blossoming altar of Fedhas.
    18 | D        | Found a white marble altar of Elyvilon.
    18 | D        | Found a shadowy altar of Dithmenos.
    18 | D        | Found a snail-covered altar of Cheibriados.
    20 | D        | Found a radiant altar of Vehumet.
    20 | D        | Found a corrupted altar of Lugonu.
    20 | D        | Found a roughly hewn altar of Beogh.
    21 | D        | Found a hide-covered altar of Uskayaw.
    21 | D        | Found an ancient bone altar of Kikubaaqudgha.
    21 | D        | Found a shattered altar of Ashenzari.
    23 | D        | Became a worshipper of Sif Muna the Loreminder
   241 | D        | Reached * piety under Sif Muna
   241 | D        | Reached skill level 4 in Spellcasting
   241 | D        | Reached XP level 2. HP: 15/15 MP: 5/9
   379 | D        | Noticed Jessica
   382 | D        | Noticed a floating eye
   383 | D        | Killed Jessica
   383 | D        | Reached skill level 5 in Spellcasting
   383 | D        | Reached skill level 1 in Invocations
   383 | D        | Reached XP level 3. HP: 19/19 MP: 6/11
   384 | D        | Reached skill level 5 in Fire Magic
   388 | D        | Killed a floating eye
   388 | D        | Reached ** piety under Sif Muna
   388 | D        | Reached skill level 5 in Stealth
   388 | D        | Reached skill level 7 in Spellcasting
   388 | D        | Reached skill level 5 in Conjurations
   388 | D        | Reached XP level 4. HP: 24/24 MP: 1/15
   388 | D        | Reached XP level 5. HP: 28/28 MP: 1/16
   499 | D        | Learned a level 3 spell: Conjure Flame
   504 | D        | Learned a level 4 spell: Sticky Flame
   508 | D        | Learned a level 3 spell: Inner Flame
   560 | D        | Noticed a necrophage
   573 | D        | Killed a necrophage
   573 | D        | Reached *** piety under Sif Muna
   573 | D        | Reached skill level 5 in Dodging
   573 | D        | Reached skill level 8 in Spellcasting
   903 | D        | Noticed Purgy
   914 | D        | Killed Purgy
   914 | D        | Reached **** piety under Sif Muna
   914 | D        | Reached XP level 6. HP: 32/32 MP: 8/19
  1087 | D        | Reached skill level 9 in Spellcasting
  1133 | D        | Noticed Terence
  1147 | D        | Killed Terence
  1390 | D        | Reached XP level 7. HP: 36/36 MP: 15/22
  1440 | D        | Noticed a flying skull
  1448 | D        | Killed a flying skull
  1448 | D        | Reached ***** piety under Sif Muna
  1448 | D        | Received a gift from Sif Muna
  1448 | D        | Reached skill level 10 in Spellcasting
  1448 | D        | Reached skill level 5 in Hexes
  1636 | D        | Learned a level 2 spell: Swiftness
  1638 | D        | Noticed a fire bat
  1908 | D        | Slain by a fire bat

Vault maps used:
D:        pitsprint

Skill      XL: |  1  2  3  4  5  6  7 |
---------------+----------------------+-----
Conjurations   | 2 3 5 7 8 |  8.7
Dodging        | 3 4 5 6 |  6.0
Stealth        | 3 5 6 7 |  7.6
Spellcasting   | 4 5 7 8 9 10 | 10.6
Fire Magic     | 4 6 7 8 9 |  9.3
Invocations    | 1 2 |  2.9
Hexes          | 3 4 5 |  5.3
Charms         | 2 |  2.2

Action                   |  1- 3 |  4- 6 |  7- 9 || total
-------------------------+-------+-------+-------++-------
Melee: Dagger            |       |     2 |       ||     2
 Cast: Flame Tongue      |    23 |    27 |    18 ||    68
       Conjure Flame     |       |     7 |     2 ||     9
       Sticky Flame      |       |       |     1 ||     1
       Inner Flame       |       |       |     1 ||     1
  Use: Scroll            |       |     1 |       ||     1
  Eat: Chunk             |       |     1 |       ||     1
       Ration            |       |       |     1 ||     1
Armor: Robe              |     1 |       |     1 ||     2
Dodge: Dodged            |    16 |       |    12 ||    28

Table legend:
 A = Spawn XP
 B = Non-spawn XP
 C = Spawn XP percentage of total XP
 D = Spawn monster count
 E = Non-spawn monster count
 F = Spawn count percentage of total count
 G = Total turns spent on level
                    A         B        C        D         E        F      G
               +---------+---------+-------+---------+---------+-------+---------
         Total |       0 |    1054 |   0.0 |       0 |      22 |   0.0 |  1908
               +---------+---------+-------+---------+---------+-------+---------
             D |       0 |    1054 |   0.0 |       0 |      22 |   0.0 |  1908
               +---------+---------+-------+---------+---------+-------+---------
